 Dungeon Crawl Stone Soup version 0.30-a0-591-g3c58d2bc28 (webtiles) character file.

Game seed: 3302004721674458829

520 SkeletonJelly the Chopper (level 7, -10/52 HPs)
             Began as a Demonspawn Chaos Knight on Jan 5, 2023.
             Was a Plaything of Xom.
             Mangled by a red devil
             ... wielding a +0 trident
             ... summoned by Xom
              (13 damage)
             ... on level 4 of the Dungeon.
             The game lasted 00:04:23 (2931 turns).

SkeletonJelly the Chopper (Demonspawn Chaos Knight) Turns: 2931, Time: 00:04:24

Health: -10/52     AC: 14    Str: 14    XL:     7   Next: 1%
Magic:  0/7        EV: 16    Int: 13    God:    Xom [......]
Gold:   230        SH:  4    Dex: 13    Spells: 6/6 levels left

rFire   . . .      SeeInvis .    a - +0 hand axe (chaos)
rCold   + . .      Faith    .    (no shield)
rNeg    . . .      Spirit   +    b - +2 leather armour
rPois   .          Reflect  .    (no helmet)
rElec   .          Harm     .    (no cloak)
rCorr   +          Rampage  .    (no gloves)
Will    .....                    u - +0 pair of boots
Stlth   +                        j - amulet of guardian spirit
HPRegen 0.28/turn                e - +5 ring of evasion
MPRegen 0.10/turn                x - ring of protection from cold

@: spiked
A: claws 1, yellow scales 3, icemail 1, condensation shield
a: Renounce Religion


You were on level 4 of the Dungeon.
You worshipped Xom.
You were a very special plaything of Xom.
You visited 1 branch of the dungeon, and saw 4 of its levels.

You collected 230 gold pieces.

Inventory:

Hand Weapons
 a - a +0 hand axe of chaos (weapon)
 m - a +0 war axe
Missiles
 i - 2 javelins
Armour
 b - a +2 leather armour (worn)
 u - a +0 pair of boots (worn)
 y - a +0 helmet
Jewellery
 e - a +5 ring of evasion (left claw)
 j - an amulet of guardian spirit (around neck)
 x - a ring of protection from cold (right claw)
Scrolls
 d - a scroll of amnesia
 h - 6 scrolls of identify {unknown}
 l - a scroll of enchant weapon {unknown}
 o - a scroll of immolation
 p - a scroll of noise {unknown}
 q - a scroll of blinking {unknown}
 r - a scroll of fog
 s - a scroll of teleportation {unknown}
 t - a scroll of magic mapping {unknown}
 v - 3 scrolls of torment {unknown}
Potions
 f - a potion of haste {unknown}
 g - a potion of heal wounds {unknown}
 k - 2 potions of curing {unknown}
 n - 3 potions of degeneration {unknown}
 w - a potion of brilliance {unknown}
Miscellaneous
 c - a piece from Xom's chessboard (15/15) (quivered)


   Skills:
 - Level 3.0 Fighting
 + Level 7.3 Axes
 - Level 1.7 Armour
 - Level 0.8 Dodging


You had 6 spell levels left.
You didn't know any spells.
Your spell library contained the following spells:

 Spells                   Type           Power      Damage    Failure   Level
 Kiss of Death            Conj/Necr      0%         2d5       36%         1
 Cigotuvi's Dreadful Rot  Necr/Pois/Air  0%         N/A       50%         2
 Confusing Touch          Hex            0%         N/A       75%         3
 Ozocubu's Armour         Ice            0%         N/A       75%         3
 Portal Projectile        Hex/Tloc       0%         N/A       75%         3
 Tukima's Dance           Hex            0%         N/A       75%         3
 Dispel Undead            Necr           0%         3d6       98%         4
 Blade Hands              Tmut           0%         N/A       100%        5
 Death Channel            Necr           0%         N/A       100%        6
 Ozocubu's Refrigeration  Ice            0%         4d7       100%        7


Dungeon Overview and Level Annotations

Branches:
Dungeon (4/15)             Temple (0/1) D:4

Altars:
Yredelemnul

Shops:
D:2 *


Innate Abilities, Weirdness & Mutations

You have sharp fingernails.
You are completely covered in yellow scales. (AC +4, rCorr)
A meltable icy envelope protects you from harm. (AC +4)
A meltable shield of frost defends you. (SH +4)


Message History

You regained 2 mp, and now have 6/7 mp.
There are monsters nearby!
There are monsters nearby!
There are monsters nearby!
There are monsters nearby!
You hit the ufetubus. Lightning courses through the ufetubus!
You kill the ufetubus!
The ufetubus disappears in a puff of smoke!
The red devil misses you.
You hit the hellwing but do no damage.
The hellwing resists with almost no effort.
You barely miss the hellwing. You hit the iron imp but do no damage.
The iron imp seems to speed up.
The hellwing completely misses you. You block the hellwing's attack.
The red devil hits you from afar with a +0 trident!
Barbed spikes become lodged in your body.
The iron imp misses you.
You hit the hellwing but do no damage.
The hellwing suddenly seems more resistant.
You barely miss the iron imp. You block the hellwing's attack.
The hellwing hits you but does no damage.
The red devil barely misses you. The iron imp misses you.
You hit the hellwing but do no damage. You barely miss the iron imp.
The iron imp misses you.
The hellwing hits you but does no damage. x2
The red devil barely misses you.
You hit the hellwing.
The hellwing suddenly seems more agile.
The hellwing is lightly wounded.
You hit the iron imp but do no damage. You block the iron imp's attack.
The hellwing hits you. The hellwing barely misses you.
The red devil misses you. The iron imp hits you.
You hit the hellwing but do no damage.
Nothing appears to happen.
The hellwing is lightly wounded.
You hit the iron imp but do no damage. The hellwing closely misses you.
The hellwing hits you. The red devil closely misses you.
The iron imp hits you but does no damage.
You are too injured to fight recklessly!
You are too injured to fight recklessly!
You are too injured to fight recklessly!
You are too injured to fight recklessly!
You are too injured to fight recklessly!
You are too injured to fight recklessly!
You are too injured to fight recklessly!
You are too injured to fight recklessly!
You are too injured to fight recklessly!
You are too injured to fight recklessly!
You are too injured to fight recklessly!
You are too injured to fight recklessly!
You take 17 damage, and have 25/52 hp.
MASSIVE DAMAGE!!
You now have 4/7 mp.
You are too injured to fight recklessly!
You are too injured to fight recklessly!
You are too injured to fight recklessly!
You are too injured to fight recklessly!
You are too injured to fight recklessly!
You are too injured to fight recklessly!
You are too injured to fight recklessly!
You are too injured to fight recklessly!
You are too injured to fight recklessly!
You are too injured to fight recklessly!
You are too injured to fight recklessly!
You are too injured to fight recklessly!
You are too injured to fight recklessly!
You are too injured to fight recklessly!
You are too injured to fight recklessly!
You are too injured to fight recklessly!
You are too injured to fight recklessly!
You are too injured to fight recklessly!
You are too injured to fight recklessly!
You are too injured to fight recklessly!
You are too injured to fight recklessly!
You are too injured to fight recklessly!
You are too injured to fight recklessly!
Okay, then.
As you read the scroll labelled CAPIAL FATWO, it crumbles to dust.
It is a scroll of amnesia.
You feel forgetful for a moment. The hellwing barely misses you.
The hellwing hits you but does no damage.
The red devil hits you from afar with a +0 trident.
Barbed spikes become lodged in your body.
The iron imp barely misses you.
You take 5 damage, and have 20/52 hp.
As you read the scroll labelled JACLYF YFUHUGE, it crumbles to dust.
The creatures around you are filled with an inner flame!
It was a scroll of immolation.
Xom thinks this is hilarious!
The hellwing hits you.
The hellwing hits you but does no damage.
The red devil hits you from afar with a +0 trident!
* * * LOW HITPOINT WARNING * * *
A shower of butterflies erupts from you!
Barbed spikes become lodged in your body.
The iron imp misses you.
You take 17 damage, and have 3/52 hp.
MASSIVE DAMAGE!!
You now have 1/7 mp.
As you read the scroll labelled GUEWNAYMNI, it crumbles to dust.
The scroll dissolves into smoke.
It was a scroll of fog.
The iron imp closely misses you. The hellwing misses you.
The hellwing hits you but does no damage.
The red devil hits you from afar with a +0 trident!
You die...
Xom roars with laughter!

.........................#...#...
.........................#...#...
..##+###....#####+#......##'#####
..#†...#....#.....#..............
..'†...#....#.....'..............
..#....################..........
..#....# #.# #4#b# #..........
..#########'#+#b#b#+#+#..........
.........'..).b4@5b...#..........
........###'#+#b#+#+#+#..........
........8##.# #§# #..##+###..
........###############..#....#..
.........................#....#..
.........................#....#..
.........................#....#..
.......##########........#....#..
.......#..........#####....+###..


You could see a hellwing (summoned, inner flame, agile, resistant), a red devil
(summoned, inner flame, ally target) and an iron imp (summoned, fast, inner
flame).

Vanquished Creatures
  A centaur (D:4)
  A necrophage (D:4)
  A wight (D:4)
  A human zombie (D:4)
  A hound (D:4)
  2 iguanas (D:4)
  A scorpion zombie (D:4)
  A mummy (D:4)
  An adder (D:2)
  A white imp (D:3)
  3 worms
  6 orcs (D:4)
  2 bats
  8 endoplasms
  2 giant cockroaches
  4 goblins
  4 hobgoblins
  A jackal (D:4)
  5 kobolds
  4 quokkas
  8 ball pythons
  3 frilled lizards
  8 rats
69 creatures vanquished.

Vanquished Creatures (collateral kills)
  A phantom (D:4)
1 creature vanquished.

Vanquished Creatures (others)
  A tarantella (shapeshifter) (D:4)
  An endoplasm (D:4)
  A jackal (D:4)
3 creatures vanquished.

Grand Total: 73 creatures vanquished

Notes
Turn   | Place    | Note
-------+----------+-------------------------------------------
     0 | D:1      | SkeletonJelly the Demonspawn Chaos Knight began the quest
                  | for the Orb.
     0 | D:1      | Reached XP level 1. HP: 18/18 MP: 1/1
   140 | D:1      | Reached skill level 3 in Axes
   182 | D:1      | Found a faded altar of an unknown god.
   262 | D:1      | Gained mutation: You are partially covered in yellow
                  | scales. (AC +2) [demonic ancestry]
   262 | D:1      | Reached XP level 2. HP: 17/24 MP: 2/2
   599 | D:2      | XOM: noise
   615 | D:2      | XOM: silly message
   750 | D:2      | Gained mutation: You are mostly covered in yellow scales.
                  | (AC +3) [demonic ancestry]
   750 | D:2      | Reached XP level 3. HP: 29/29 MP: 1/3
   825 | D:2      | Reached skill level 4 in Axes
   845 | D:2      | HP: 1/29 [worm (8)]
  1097 | D:2      | Found Nioluaxu's General Store.
  1971 | D:4      | Gained mutation: You are completely covered in yellow
                  | scales. (AC +4, rCorr) [demonic ancestry]
  1971 | D:4      | Reached XP level 4. HP: 35/35 MP: 4/4
  2164 | D:4      | Noticed a centaur
  2164 | D:4      | Noticed a phantom
  2178 | D:4      | XOM: enchant monster (good)
  2180 | D:4      | Reached skill level 5 in Axes
  2190 | D:4      | XOM: summons 3 friendly demons
  2191 | D:4      | Killed a centaur
  2192 | D:4      | Gained mutation: A meltable shield of frost defends you.
                  | (SH +4) [demonic ancestry]
  2192 | D:4      | Reached XP level 5. HP: 13/41 MP: 2/5
  2202 | D:4      | Killed a phantom
  2203 | D:4      | Reached skill level 6 in Axes
  2203 | D:4      | Gained mutation: You have sharp fingernails. [demonic
                  | ancestry]
  2203 | D:4      | Reached XP level 6. HP: 11/47 MP: 2/6
  2617 | D:4      | Found a staircase to the Ecumenical Temple.
  2642 | D:4      | a jackal changed into a shapeshifter
  2642 | D:4      | Noticed a shapeshifter (shapeshifter)
  2642 | D:4      | a shapeshifter changed into a tarantella
  2642 | D:4      | Noticed a tarantella (shapeshifter)
  2643 | D:4      | Killed a tarantella
  2643 | D:4      | XOM: divine lightning
  2843 | D:4      | Reached skill level 7 in Axes
  2843 | D:4      | Found a basalt altar of Yredelemnul.
  2898 | D:4      | Gained mutation: A meltable icy envelope protects you from
                  | harm. (AC +4) [demonic ancestry]
  2898 | D:4      | Reached XP level 7. HP: 35/52 MP: 4/7
  2921 | D:4      | XOM: summons 4 hostile demons
  2922 | D:4      | Noticed a red devil
  2922 | D:4      | Noticed a hellwing
  2930 | D:4      | XOM: butterfly on damage
  2931 | D:4      | Mangled by a red devil

Illustrated notes

Levels and vault maps discovered:
D:1:      dpeg_arrival_prison, layout_rooms,
          shapermc_ecumenical_altar_mp_highgroup
D:2:      layout_loops_ring, serial_shops, nicolae_shop_crystal,
          minmay_pentomino_x2
D:3:      layout_rooms
D:4:      cheibrodos_quashed, layout_gridville,
          lemuel_mausoleum_altar_yredelemnul, minmay_temple_entry_mist,
          st_stairs_4, minmay_divided_ellipse

Skill      XL: |  1  2  3  4  5  6 |
---------------+-------------------+-----
Axes           | 3 4 5 6 7 |  7.3
Fighting       | |  3.0
Armour         | |  1.7
Dodging        | |  0.8

Action                   |  1- 3 |  4- 6 |  7- 9 || total
-------------------------+-------+-------+-------++-------
Melee: Hand axe          |   137 |   149 |     7 ||   293
       Punch             |     1 |     2 |       ||     3
Evoke: Piece from Xom's  |       |    10 |       ||    10
  Use: Scroll            |       |       |     3 ||     3
 Stab: Confused          |       |     2 |       ||     2
Armor: Leather armour    |    35 |    33 |     7 ||    75
Dodge: Dodged            |   105 |   119 |    16 ||   240
Block: Other             |       |    11 |     3 ||    14

Table legend: (Time is in decaauts)
 A = Elapsed time spent in this place.
 B = Non-inter-level travel time spent in this place.
 C = Inter-level travel time spent in this place.
 D = Time resting spent in this place.
 E = Time spent auto-exploring this place.
 F = Levels seen in this place.
 G = Mean time per level.
                   A        B        C        D        E       F      G
               +--------+--------+--------+--------+--------+-----+--------+
         Total |   2946 |   2819 |    127 |      0 |   2221 |   4 |  736.5 |
       Dungeon |   2946 |   2819 |    127 |      0 |   2221 |   4 |  736.5 |
               +--------+--------+--------+--------+--------+-----+--------+

Top non-repeatable levels by time:
     D:4: 1061 daAuts
     D:2: 763 daAuts
     D:1: 689 daAuts
     D:3: 431 daAuts
